 Dungeon Crawl Stone Soup version 0.25.1-2-g60ff931df9 (webtiles) character file.

Game seed: 17786619156277019784

39 DogServant the Magician (level 3, -4/26 HPs)
             Began as a Draconian Wizard on Oct 22, 2020.
             Slain by Sigmund
             ... wielding a +0 scythe
              (12 damage)
             ... on level 2 of the Dungeon.
             The game lasted 00:02:17 (1305 turns).

DogServant the Magician (Draconian Wizard)          Turns: 1305, Time: 00:02:17

Health: -4/26      AC:  5    Str:  9    XL:     3   Next: 26%
Magic:  4/8        EV: 12    Int: 19    God:
Gold:   42         SH:  0    Dex:  9    Spells: 1/9 levels left

rFire    . . .     SeeInvis .   (no weapon)
rCold    . . .     Gourm    .   (no shield)
rNeg     . . .     Faith    .   (armour unavailable)
rPois    .         Spirit   .   a - +0 hat
rElec    .         Reflect  .   (no cloak)
rCorr    .         Harm     .   (no gloves)
MR       .....                  (no boots)
Stlth    ++........             (no amulet)
HPRegen  0.08/turn              (no ring)
MPRegen  0.11/turn              (no ring)

@: no status effects
A: unfitting armour, cold-blooded, AC +5
a: no special abilities


You were on level 2 of the Dungeon.
You were not hungry.

You visited 1 branch of the dungeon, and saw 2 of its levels.

You collected 42 gold pieces.

Inventory:

Missiles
 g - 15 poisoned darts (quivered)
Armour
 a - a +0 hat (worn)
Scrolls
 b - a scroll of fear {unknown}
 e - a scroll of remove curse {unknown}
 f - 3 scrolls of identify {unknown}
Potions
 d - a potion of haste {unknown}
Comestibles
 c - 3 rations
 h - a chunk of flesh


   Skills:
 - Level 1.7 Dodging
 - Level 1.7 Stealth
 + Level 3.6 Spellcasting
 + Level 2.3 Conjurations
 + Level 1.0 Summonings
 - Level 1.0 Translocations


You had one spell level left.
You knew the following spells:

 Your Spells              Type           Power        Failure   Level  Hunger
a - Magic Dart            Conj           ##..         5%          1    None
b - Call Imp              Summ           #.......     14%         2    ##.....
c - Blink                 Tloc           N/A          14%         2    ##.....
d - Mephitic Cloud        Conj/Pois/Air  #.......     30%         3    ###....

Your spell library contained the following spells:

 Spells                   Type           Power        Failure   Level  Hunger
 Slow                     Hex            #.......     22%         2    ##.....
 Conjure Flame            Conj/Fire      #.......     26%         3    ###....


Dungeon Overview and Level Annotations

Branches:
Dungeon (2/15)

Altars:

Annotations:
D:2 Sigmund


Innate Abilities, Weirdness & Mutations

Your plain brown scales are hard. (AC +5)
You cannot fit into any form of body armour.
You are cold-blooded and may be slowed by cold attacks.


Message History

Your crimson imp blinks!
Casting: Call Imp (safe; 14% risk of failure)
Confirm with . or Enter, or press ? or * to list all spells.
You can't see any susceptible monsters within range! (Use Z to cast anyway.)
Something hits you!
Casting: Call Imp (safe; 14% risk of failure)
Confirm with . or Enter, or press ? or * to list all spells.
A beastly little devil appears in a puff of flame.
Something hits you but does no damage.
You swap places.
Your iron imp disappears in a puff of smoke!
Something hits you. Something hits you but does no damage.
Your crimson imp misses something.
Your crimson imp closely misses something.
Something hits you!
* * * LOW HITPOINT WARNING * * *
Your crimson imp barely misses something.
Something hits your crimson imp! Something hits you!
You die...

########.
#..[5....
#5######. #@#
#.#
#.#.)......#
#รท#........#
#.#........#
#.#........#
#.#........#
#.#........#
#.#........#


You could see a friendly crimson imp (summoned).

Vanquished Creatures
  An adder (D:2)
  An ooze (D:1)
  A leopard gecko (D:1)
  6 bats
  A giant cockroach (D:1)
  3 goblins (D:1)
  2 hobgoblins
  2 frilled lizards
  3 kobolds (D:1)
  A rat (D:1)
21 creatures vanquished.

Vanquished Creatures (collateral kills)
  A worm (D:2)
  A bat (D:2)
2 creatures vanquished.

Grand Total: 23 creatures vanquished

Notes
Turn   | Place    | Note
-------+----------+-------------------------------------------
     0 | D:1      | DogServant the Draconian Wizard began the quest for the
                  | Orb.
     0 | D:1      | Reached XP level 1. HP: 14/14 MP: 4/4
   221 | D:1      | Reached XP level 2. HP: 9/20 MP: 0/6
   959 | D:2      | Learned a level 2 spell: Call Imp
   962 | D:2      | Learned a level 2 spell: Blink
   976 | D:2      | Reached XP level 3. HP: 24/26 MP: 1/8
  1230 | D:2      | Learned a level 3 spell: Mephitic Cloud
  1269 | D:2      | Noticed Sigmund
  1305 | D:2      | Slain by Sigmund

Illustrated notes

Levels and vault maps discovered:
D:1:      minmay_arrival_loop, layout_rooms
D:2:      layout_basic, nicolae_overflow_crystal_walls, first_ration,
          serial_bayou_pond_e, lemuel_statue_altar, uniq_sigmund,
          uniq_crazy_yiuf_cottage, uniq_natasha

Skill      XL: |  1  2 |
---------------+-------+-----
Conjurations   | 2 |  2.3
Dodging        | |  1.7
Stealth        | |  1.7
Spellcasting   | |  3.6
Summonings     | |  1.0
Translocations | |  1.0

Action                   || total
-------------------------++-------
Melee: Unarmed           ||    17
       Tailslap          ||     4
 Cast: Magic Dart        ||    52
       Call Imp          ||     6
  Eat: Chunk             ||     1
Armor: Skin              ||    16
Dodge: Dodged            ||    15
